 Dungeon Crawl Stone Soup version 0.31-a0-164-g2312942fda (webtiles) character file.

Game seed: 848641086035622419

95 ytrimaz the Grave Robber (level 4, -6/30 HPs)
             Began as a Mummy Necromancer on June 13, 2023.
             Mangled by Terence
             ... wielding a +2 antimagic mace
              (9 damage)
             ... on level 2 of the Dungeon.
             The game lasted 00:02:43 (2449 turns).

ytrimaz the Grave Robber (Mummy Necromancer)        Turns: 2449, Time: 00:02:44

Health: -6/30      AC:  3    Str: 11    XL:     4   Next: 39%
Magic:  1/10       EV: 12    Int: 16    God:
Gold:   115        SH:  0    Dex: 12    Spells: 7/11 levels left

rFire   x . .        (no weapon)
rCold   + . .        (no shield)
rNeg    + + +        a - +0 robe
rPois   ∞            (no helmet)
rElec   .            (no cloak)
rCorr   .            f - +0 pair of gloves
SInv    .            (no boots)
Will    .....        (no amulet)
Stlth   ++           (no ring)
HPRegen 0.25/turn    (no ring)
MPRegen 0.12/turn

%: faith
@: no status effects
A: cold resistance 1, negative energy resistance 3, torment resistance 2, heat
vulnerability 1, in touch with death 1, no potions, faith
a: no special abilities


You were on level 2 of the Dungeon.
You visited 1 branch of the dungeon, and saw 3 of its levels.

You collected 115 gold pieces.


Innate Abilities, Weirdness & Mutations

You are immune to poison.
Your flesh is cold resistant. (rC+)
You are immune to negative energy. (rN+++)
You are immune to unholy pain and torment.
You are vulnerable to heat. (rF-)
You are in touch with the powers of death.
You do not drink.
You have a special connection with the divine. (Faith)


   Skills:
 - Level 1.5 Dodging
 - Level 1.5 Stealth
 + Level 4.0 Spellcasting
 * Level 5.3 Necromancy


You had 7 spell levels left.
You knew the following spells:

 Your Spells              Type           Power      Damage    Failure   Level
a - Necrotise             Necr           100%       1d9       1%          1
b - Vampiric Draining     Necr           30%        2d8       5%          3

Your spell library contained the following spells:

 Spells                   Type           Power      Damage    Failure   Level
 Animate Dead             Necr           30%        N/A       19%         4
 Poisonous Vapours        Pois/Air       6%         N/A       26%         2
 Ignite Poison            Fire/Tmut/Pois 3%         N/A       45%         3
 Mephitic Cloud           Conj/Pois/Air  3%         N/A       45%         3
 Agony                    Necr           30%        N/A       45%         5
 Sticky Flame             Conj/Fire      3%         2d3       86%         4
 Freezing Cloud           Conj/Ice/Air   1%         6-21      99%         5
 Ignition                 Fire           1%         3d3       100%        8

Inventory:

Armour
 a - a +0 robe (worn)
 f - a +0 pair of gloves (worn)
   (You found it on level 2 of the Dungeon)
Jewellery
 c - a ring of ice
   (You found it on level 2 of the Dungeon)
Scrolls
 b - a scroll of identify
 d - a scroll of amnesia
 e - a scroll of vulnerability

Dungeon Overview and Level Annotations

Branches:
Dungeon (3/15) Zot: 15551

Altars:
Trog

Shops:
D:2 =

Annotations:
D:2 Terence

....#...................)..#
...#.#.########.###...######
..##.#.# #.# #...# .###.#.#
#.###..[# .# #.#.# #.......#
.###.#.# #####.#.# .....#.#
#.#.#
.#####.############.#.#
.#..............@@..#.#
.#..........#########.#
............# #.#
##.........## #.#
...........##########.#
##....................#
##.....>...############
...........# ##..>......#


You could see Terence.


Message History

Your ball python skeleton constricts the worm.
Your ball python skeleton bites the worm.
Your ball python skeleton constricts the worm.
You feel a surge of power!
The worm barely resists.
The worm bites your ball python skeleton!
Your ball python skeleton is destroyed! 😎 MP[-1]
You lost 1 mp, and now have 7/10 mp.
You feel a surge of power!
The worm barely resists. 😎 MP[-1]
You lost 1 mp, and now have 6/10 mp.
Unknown command.
You feel a surge of power!
The worm writhes in agony. 😎 MP[-1]
You lost 1 mp, and now have 5/10 mp.
You feel a surge of power!
The worm writhes in agony.
You feel a surge of power!
The worm writhes in agony!
You kill the worm! 😎 MP[-1]
You lost 1 mp, and now have 4/10 mp.
You can't see any susceptible monsters within range! (Use Z to cast anyway.) Unknown command.
You see here a staff of cold. 😎 MP[+6]
Your mp is fully restored (10).
g - a scroll labelled BEIQEIRPH DEAN UCUE Terence the Incautious comes into view.
He is wielding a +2 antimagic mace.
Terence shouts!
A rat comes into view.
You can't see any susceptible monsters within range! (Use Z to cast anyway.)
Found 8 gold pieces.
Found a stone staircase leading up.
You feel a surge of power!
Terence barely resists. 😎 MP[-1]
You lost 1 mp, and now have 9/10 mp.
Terence attacks as you move away!
Terence hits you with a +2 antimagic mace.
You feel your power leaking away. 😕 HP[-6] MP[-4]
You take 6 damage, and now have 24/30 hp.
You lost 4 mp, and now have 5/10 mp.
Casting: Necrotise (safe; 1% risk of failure)
Confirm with . or Enter, or press ? or * to list all spells.
Aiming: Vampiric Draining (dangerous; 5% risk of failure)
Press: ? - help, Shift-Dir - straight line, f/p - Terence
Aim: Terence, wielding a +2 antimagic mace and wearing a +0 scale mail You feel a surge of power!
You draw life force from Terence!
You feel life coursing into your body.
Terence closely misses you. 😕 HP[+5] MP[-3]
You regained 5 hp, and now have 29/30 hp.
You lost 3 mp, and now have 2/10 mp.
Casting: Vampiric Draining (dangerous; 5% risk of failure)
Confirm with . or Enter, or press ? or * to list all spells.
You don't have enough magic to cast this spell.
As you read the scroll labelled BEIQEIRPH DEAN UCUE, it crumbles to dust.
It is a scroll of enchant weapon.
You aren't carrying any weapons that can be enchanted.
Terence hits you with a +2 antimagic mace.
You feel your power leaking away. 😕 HP[-4] MP[-2]
You take 4 damage, and now have 25/30 hp.
You lost 2 mp, and now have 0/10 mp.
Unknown command.
Terence attacks as you move away!
Terence hits you with a +2 antimagic mace. 😮 HP[-5]
You take 5 damage, and now have 20/30 hp.
Terence attacks as you move away!
Terence hits you with a +2 antimagic mace.
* * * LOW HITPOINT WARNING * * *
😨 HP[-6]
You take 6 damage, and now have 14/30 hp. 😨 HP[+1] Terence attacks as you move away!
Terence closely misses you. 😨 MP[+1] Terence attacks as you move away!
Terence hits you with a +2 antimagic mace.
* * * LOW HITPOINT WARNING * * *
You feel your power leaking away. 😨 HP[-6] MP[-1]
You take 6 damage, and now have 9/30 hp.
You lost 1 mp, and now have 0/10 mp. 😨 HP[+1] Terence attacks as you move away!
Terence hits you with a +2 antimagic mace!
* * * LOW HITPOINT WARNING * * *
There is a stone staircase leading up here. 😱 HP[-8]
You take 8 damage, and now have 2/30 hp.
MASSIVE DAMAGE!! (PAUSE) Terence barely misses you.
You climb upwards.
There is a stone staircase leading down here. 😱 HP[+1] Unknown command.
Really read the scroll of vulnerability?
Okay, then. 😱 MP[+1] Terence attacks as you move away!
Terence hits you with a +2 antimagic mace!
You die...

Skill      XL: |  1  2  3  4 |
---------------+-------------+-----
Spellcasting   | 3 4 |  4.0
Necromancy     | 5 |  5.3
Dodging        | |  1.5
Stealth        | |  1.5

Action                     |  1- 3 |  4- 6 || total
---------------------------+-------+-------++-------
  Melee: Unarmed           |    11 |     1 ||    12
   Cast: Necrotise         |    73 |    23 ||    96
         Vampiric Draining |       |     1 ||     1
    Use: Scroll            |     5 |     1 ||     6
 Armour: Robe              |     5 |     1 ||     6
  Dodge: Dodged            |    17 |     6 ||    23

Levels and vault maps discovered:
D:1:      mrwooster_arrival_statue, layout_basic
D:2:      layout_loops_ring, basic_altar, serial_shops,
          nicolae_shop_tiny_real_fake_doors, due_unseen_surprise
D:3:      layout_loops_corners, uniq_terence

Notes
Turn   | Place    | Note
-------+----------+-------------------------------------------
     0 | D:1      | ytrimaz the Mummy Necromancer began the quest for the Orb.
     0 | D:1      | Reached XP level 1. HP: 13/13 MP: 4/4
     0 | D:1      | magus.rc [v1.9.6]
    78 | D:1      | Reached skill level 3 in Spellcasting
    78 | D:1      | Reached XP level 2. HP: 16/19 MP: 0/6
   636 | D:1      | Gained mutation: You are in touch with the powers of death.
                  | [Mummy growth]
   636 | D:1      | Reached XP level 3. HP: 24/24 MP: 4/7
  1235 | D:2      | Found Unyeheomn's Jewellery Emporium.
  1288 | D:2      | You pick up a book of Vapours and begin reading...
  1288 | D:2      | You add the spells Poisonous Vapours, Mephitic Cloud and
                  | Freezing Cloud to your library.
  1345 | D:2      | Learned a level 3 spell: Vampiric Draining
  1540 | D:2      | Found a bloodstained altar of Trog.
  1787 | D:3      | Reached skill level 5 in Necromancy
  1920 | D:3      | Reached XP level 4. HP: 30/30 MP: 5/9
  2091 | D:3      | You add the spells Ignite Poison, Sticky Flame and Ignition
                  | to your library.
  2119 | D:3      | Reached skill level 4 in Spellcasting
  2429 | D:3      | Noticed Terence
  2445 | D:3      | HP: 2/30 [Terence/+2 antimagic mace (8)]
  2449 | D:2      | Mangled by Terence

Vanquished Creatures
  3 adders
  A worm (D:3)
  3 dart slugs
  5 orcs (D:3)
  5 ball pythons
  7 bats
  5 endoplasms
  2 giant cockroaches (D:1)
  2 goblins
  6 hobgoblins
  A jackal (D:1)
  2 quokkas (D:1)
  5 frilled lizards (D:1)
  3 rats
50 creatures vanquished.

Vanquished Creatures (collateral kills)
  A jackal (D:1)
1 creature vanquished.

Grand Total: 51 creatures vanquished

Table legend:
 A = Non-vault XP
 B = Vault XP
 C = Vault XP percentage of total XP
 D = Non-vault monster count
 E = Vault monster count
 F = Vault count percentage of total count
                 A         B        C        D         E       F
            +---------+---------+-------+---------+---------+-------
      Total |     136 |       0 |   0.0 |      51 |       0 |   0.0
            +---------+---------+-------+---------+---------+-------
        D:1 |      48 |       0 |   0.0 |      26 |       0 |   0.0
        D:2 |      26 |       0 |   0.0 |       9 |       0 |   0.0
        D:3 |      62 |       0 |   0.0 |      16 |       0 |   0.0
            +---------+---------+-------+---------+---------+-------

Skill      XL: |  1  2  3  4 |
---------------+-------------+-----
Spellcasting   | 3 4 |  4.0
Necromancy     | 5 |  5.3
Dodging        | |  1.5
Stealth        | |  1.5

Action                     |  1- 3 |  4- 6 || total
---------------------------+-------+-------++-------
  Melee: Unarmed           |    11 |     1 ||    12
   Cast: Necrotise         |    73 |    23 ||    96
         Vampiric Draining |       |     1 ||     1
    Use: Scroll            |     5 |     1 ||     6
 Armour: Robe              |     5 |     1 ||     6
  Dodge: Dodged            |    17 |     6 ||    23

Illustrated notes

Table legend:
 A = Kills in this place as a percentage of kills in the entire game.
 B = Kills by you in this place as a percentage of kills by you in the entire game.
 C = Kills by friends in this place as a percentage of kills by friends in the entire game.
 D = Other kills in this place as a percentage of other kills in the entire game.
 E = Experience gained in this place as a percentage of experience gained in the entire game.
 F = Experience gained in this place divided by the number of levels of this place that you have seen.
                   A       B       C       D       E      F
               +-------+-------+-------+-------+-------+----------------------
         Total | 100.0 | 100.0 | 100.0 |   N/A | 100.0 |  45.3
       Dungeon | 100.0 | 100.0 | 100.0 |   N/A | 100.0 |  45.3
               +-------+-------+-------+-------+-------+----------------------

Table legend: (Time is in decaauts)
 A = Elapsed time spent in this place.
 B = Non-inter-level travel time spent in this place.
 C = Inter-level travel time spent in this place.
 D = Time resting spent in this place.
 E = Time spent auto-exploring this place.
 F = Levels seen in this place.
 G = Mean time per level.
                   A        B        C        D        E       F      G
               +--------+--------+--------+--------+--------+-----+--------+
         Total |   2448 |   2400 |     48 |     81 |   2016 |   3 |  816.0 |
       Dungeon |   2448 |   2400 |     48 |     81 |   2016 |   3 |  816.0 |
               +--------+--------+--------+--------+--------+-----+--------+

Top non-repeatable levels by time:
     D:1: 995 daAuts
     D:2: 753 daAuts
     D:3: 700 daAuts
